Map: Zen LE

Players

ViBE - Winner!

  • Race: Zerg Zerg
  • League: Gold
  • Spawn Location: 1:00

Benitocamelo

  • Race: Terran Terran
  • League: Gold
  • Spawn Location: 7:00

VOD

Have the link to the VOD?

Description

Time

  • Played on: Dec. 8, 2019, 9:39 p.m.
  • Length: 5:44
Show
View Real Time Build Order
Export as new Build Order

ViBE Zerg - Winner!

Build Orders: Hatch First 

Get SALT Encoding   

  12  0:00  Drone  
  13  0:13  Overlord  
  13  0:17  Drone  
  14  0:31  Drone x2  
  16  0:36  Drone  
  17  0:54  Hatchery  
  16  0:58  Drone  
  16  1:01  Drone  
  18  1:14  Spawning Pool  
  18  1:17  Drone  
  18  1:23  Drone  
  19  1:30  Drone  
  20  1:35  Extractor  
  19  1:40  Drone  
  20  1:52  Overlord  
  20  2:03  Drone  
  21  2:09  Queen  
  21  2:10  Queen  
  21  2:14  Drone  
  21  2:15  Drone  
  27  2:23  Drone x2  
  29  2:31  Spine Crawler  
  29  2:32  Overlord  
  29  2:34  Drone  
  29  2:39  Drone  
  29  2:43  Drone  
  31  2:45  Lair  
  31  2:48  Queen  
  31  2:50  Drone  
  34  2:56  Overlord  
  34  2:59  Drone  
  35  3:08  Drone  
  35  3:11  Drone  
  37  3:16  Drone  
  37  3:18  Drone x3  
  37  3:19  Drone x3  
  44  3:24  Roach Warren  
  43  3:33  Drone x3  
  46  3:35  Extractor  
  46  3:38  Extractor  
  44  3:44  Hatchery  
  43  3:49  Overlord  
  43  3:54  Drone  
  43  3:55  Drone x2  
  46  3:56  Drone x2  
  46  3:59  Drone x2  
  50  4:07  Roach x2  
  50  4:09  Roach  
  56  4:17  Overlord  
  56  4:18  Glial Reconstitution  
  56  4:23  Evolution Chamber  
  55  4:24  Queen  
  57  4:32  Roach  
  57  4:35  Overlord  
  59  4:46  Roach x2  
  59  4:47  Roach x2  
  59  4:51  Roach  
  67  4:59  Roach x6  
  77  5:03  Queen  
  77  5:06  Roach x2  
  75  5:08  Roach  
  75  5:10  Roach  
  75  5:13  Roach  
  75  5:20  Roach x3  
Show
View Real Time Build Order
Export as new Build Order

Benitocamelo Terran 

Build Orders:  

Get SALT Encoding   

  12  0:01  SCV  
  13  0:13  SCV  
  14  0:17  Supply Depot  
  14  0:25  SCV  
  15  0:30  Refinery  
  15  0:39  SCV  
  16  0:48  Barracks  
  16  0:51  SCV  
  17  1:03  SCV  
  18  1:13  Barracks  
  18  1:15  SCV  
  19  1:27  SCV  
  20  1:33  Barracks  
  20  1:37  Supply Depot  
  20  1:39  Barracks Tech Lab  
  20  1:58  Orbital Command  
  20  2:00  Barracks Reactor  
  20  2:01  Marine  
  21  2:19  Marine  
  23  2:32  Barracks Reactor  
  22  2:37  Marine  
  22  2:43  Engineering Bay  
  23  2:45  Marine x2  
  25  2:59  Combat Shield  
  25  3:02  Marine  
  26  3:06  Marine x2  
  26  3:09  Terran Infantry Armor Level 1  
  26  3:10  Supply Depot  
  26  3:12  Marine  
  29  3:13  Marine  
  30  3:20  Marine  
  31  3:31  Marine x4  
  31  3:32  Supply Depot  
  35  3:37  Marine  
  36  3:49  Marine x3  
  36  3:53  Marine  
  36  3:54  Supply Depot  
  36  3:55  Marine  
  41  4:06  Marine x3  
  39  4:11  Marine  
  39  4:13  Marine  
  37  4:18  Supply Depot  
  37  4:24  Marine x3  
  37  4:29  Marine  
  37  4:31  Marine  
  42  4:42  Marine x3  
  45  4:47  Marine  
  45  4:49  Marine  
  45  5:00  Marine x3  
  45  5:04  Marine  
  45  5:06  Marine  
  43  5:18  Marine x3  
  42  5:22  Marine  
  42  5:24  Marine  
Tags
 
League
GoldGold
Matchup
TvZ
Spawn Locations
Cross Positions
Add a new tag
Caveats
  • Supply blocks, unpowered buildings, or Contaminate may cause inaccurate times.
  • Supply counts are checked every 10 seconds.